2518 views
Uploaded 2022-05-15 03:36:37
Game version 1.32.10
3:51 long 4on4 ladder game on (8)Mur'gulOasis_LV
Saved by Teelo
2518 views
Uploaded 2022-05-15 03:36:37
Game version 1.32.10
3:51 long 4on4 ladder game on (8)Mur'gulOasis_LV


/ 0.2k
28 buildings @ 3.5k
/ 1k

| Wisp | 11 | 660 | / | 0 |
| total: | 11 | 660g | / | 0w |
| Ancient Protector | 1 | 135 | / | 80 |
| Altar of Elders | 1 | 180 | / | 50 |
| Moon Well | 4 | 720 | / | 160 |
| Hunter's Hall | 1 | 210 | / | 100 |
| Ancient of Wonders | 1 | 90 | / | 30 |
| Tree of Ages | 1 | 320 | / | 180 |
| total: | 8 | 1335g | / | 420w |
| 0:03 | Wisp |
| 0:03 | Wisp |
| 0:07 | Altar of Elders |
| 0:11 | Wisp |
| 0:19 | Moon Well |
| 0:24 | Wisp |
| 0:25 | Wisp |
| 0:25 | Wisp |
| 0:41 | Wisp |
| 1:03 | Wisp |
| 1:03 | Wisp |
| 1:23 | Moon Well |
| 1:40 | Wisp |
| 1:44 | Hunter's Hall |
| 1:47 | Wisp |
| 2:15 | Force of Nature |
| 2:23 | Tree of Ages |
| 2:50 | Moon Well |
| 2:52 | Moon Well |
| 3:01 | Ancient of Wonders |
| 3:05 | Ancient Protector |
| 3:22 | Entangling Roots |
| Select | 72 |
| Right click | 70 |
| Chat | 22 |
| Build/train/purchase | 15 |
| Select group | 13 |
| Assign group | 7 |
| Use ability | 6 |

| Peasant | 8 | 600 | / | 0 |
| Rifleman | 3 | 615 | / | 90 |
| total: | 11 | 1215g | / | 90w |
| Scout Tower | 2 | 60 | / | 40 |
| Arcane Tower | 1 | 70 | / | 50 |
| Altar of Kings | 1 | 180 | / | 50 |
| Farm | 3 | 240 | / | 60 |
| Blacksmith | 1 | 140 | / | 60 |
| Barracks | 1 | 160 | / | 60 |
| Arcane Vault | 1 | 130 | / | 30 |
| Lumber Mill | 1 | 120 | / | 0 |
| total: | 10 | 1030g | / | 300w |
| 0:02 | Peasant |
| 0:10 | Peasant |
| 0:21 | Peasant |
| 0:40 | Altar of Kings |
| 0:43 | Farm |
| 0:45 | Peasant |
| 0:50 | Blacksmith |
| 0:53 | Peasant |
| 1:04 | Barracks |
| 1:17 | Peasant |
| 1:37 | Peasant |
| 1:47 | Farm |
| 1:55 | Peasant |
| 2:10 | Arcane Vault |
| 2:17 | Farm |
| 2:30 | Rifleman |
| 2:41 | Storm Bolt |
| 3:00 | Lumber Mill |
| 3:02 | Rifleman |
| 3:13 | Scout Tower |
| 3:15 | Scout Tower |
| 3:26 | Rifleman |
| 3:43 | Arcane Tower |
| Right click | 171 |
| Select | 54 |
| Select group | 32 |
| Build/train/purchase | 14 |
| Assign group | 5 |
| Resource trade | 4 |
| Use ability | 1 |
| Peasant | 12 | 900 | / | 0 |
| total: | 12 | 900g | / | 0w |
| Scout Tower | 4 | 120 | / | 80 |
| Guard Tower | 3 | 210 | / | 150 |
| Lumber Mill | 1 | 120 | / | 0 |
| total: | 5 | 240g | / | 80w |
| 0:09 | Lumber Mill |
| 0:10 | Peasant |
| 0:11 | Peasant |
| 0:11 | Peasant |
| 0:11 | Peasant |
| 0:49 | Scout Tower |
| 0:52 | Scout Tower |
| 0:53 | Scout Tower |
| 0:56 | Scout Tower |
| 1:02 | Peasant |
| 1:12 | Peasant |
| 1:17 | Guard Tower |
| 1:23 | Peasant |
| 1:30 | Guard Tower |
| 1:35 | Guard Tower |
| 1:48 | Peasant |
| 2:09 | Peasant |
| 2:46 | Peasant |
| 2:46 | Peasant |
| 2:46 | Peasant |
| Right click | 91 |
| Select | 65 |
| Chat | 48 |
| Build/train/purchase | 20 |
| Minimap ping | 6 |
| Select group | 3 |
| Misc. action | 2 |
| Assign group | 1 |

| Acolyte | 2 | 150 | / | 0 |
| Ghoul | 3 | 360 | / | 0 |
| Crypt Fiend | 4 | 860 | / | 160 |
| total: | 9 | 1370g | / | 160w |
| Altar of Darkness | 1 | 180 | / | 50 |
| Ziggurat | 2 | 300 | / | 100 |
| Crypt | 1 | 200 | / | 50 |
| Graveyard | 1 | 215 | / | 0 |
| total: | 5 | 895g | / | 200w |
| 0:07 | Acolyte |
| 0:07 | Acolyte |
| 0:14 | Altar of Darkness |
| 0:19 | Ziggurat |
| 1:05 | Crypt |
| 1:13 | Graveyard |
| 2:08 | Ziggurat |
| 2:13 | Ghoul |
| 2:13 | Ghoul |
| 2:13 | Ghoul |
| 2:34 | Carrion Beetles |
| 3:03 | Crypt Fiend |
| 3:03 | Crypt Fiend |
| 3:04 | Crypt Fiend |
| 3:04 | Crypt Fiend |
| Right click | 24 |
| Build/train/purchase | 14 |
| Select | 14 |
| Resource trade | 4 |
| Use ability | 1 |
/ 0.1k
30 buildings @ 3.5k
/ 1k

| Wisp | 5 | 300 | / | 0 |
| Archer | 3 | 390 | / | 30 |
| total: | 8 | 690g | / | 30w |
| Ancient of War | 1 | 150 | / | 60 |
| Altar of Elders | 1 | 180 | / | 50 |
| Moon Well | 2 | 360 | / | 80 |
| total: | 4 | 690g | / | 190w |
| 0:15 | Ancient of War |
| 0:23 | Altar of Elders |
| 0:33 | Moon Well |
| 0:36 | Wisp |
| 0:36 | Wisp |
| 1:22 | Wisp |
| 1:32 | Wisp |
| 1:37 | Archer |
| 1:59 | Archer |
| 2:06 | Wisp |
| 2:28 | Fan of Knives |
| 2:31 | Archer |
| 2:36 | Moon Well |
| Select | 40 |
| Right click | 36 |
| Build/train/purchase | 12 |
| Use ability | 5 |
| Peasant | 10 | 750 | / | 0 |
| total: | 10 | 750g | / | 0w |
| Scout Tower | 10 | 300 | / | 200 |
| Guard Tower | 14 | 980 | / | 700 |
| Lumber Mill | 1 | 120 | / | 0 |
| Farm | 2 | 160 | / | 40 |
| Altar of Kings | 1 | 180 | / | 50 |
| total: | 14 | 760g | / | 290w |
| 0:02 | Peasant |
| 0:02 | Peasant |
| 0:02 | Peasant |
| 0:08 | Lumber Mill |
| 0:27 | Peasant |
| 0:52 | Scout Tower |
| 0:54 | Scout Tower |
| 1:00 | Peasant |
| 1:06 | Farm |
| 1:20 | Guard Tower |
| 1:23 | Peasant |
| 1:27 | Peasant |
| 1:37 | Scout Tower |
| 1:41 | Scout Tower |
| 1:45 | Peasant |
| 1:47 | Peasant |
| 1:49 | Improved Lumber Harvesting |
| 2:03 | Guard Tower |
| 2:09 | Guard Tower |
| 2:12 | Scout Tower |
| 2:19 | Scout Tower |
| 2:30 | Scout Tower |
| 2:38 | Guard Tower |
| 2:42 | Scout Tower |
| 2:45 | Guard Tower |
| 2:49 | Scout Tower |
| 2:55 | Peasant |
| 3:08 | Altar of Kings |
| 3:12 | Farm |
| 3:15 | Guard Tower |
| 3:20 | Scout Tower |
| 3:33 | Guard Tower |
| Right click | 150 |
| Select | 76 |
| Build/train/purchase | 26 |
| Chat | 9 |

| Peon | 9 | 675 | / | 0 |
| Troll Headhunter | 2 | 280 | / | 40 |
| total: | 11 | 955g | / | 40w |
| Watch Tower | 2 | 220 | / | 160 |
| Altar of Storms | 1 | 180 | / | 50 |
| Orc Burrow | 1 | 160 | / | 40 |
| War Mill | 2 | 410 | / | 0 |
| Barracks | 1 | 180 | / | 50 |
| Voodoo Lounge | 1 | 130 | / | 30 |
| total: | 8 | 1280g | / | 330w |
| 0:04 | Peon |
| 0:04 | Peon |
| 0:09 | Altar of Storms |
| 0:12 | Orc Burrow |
| 0:32 | War Mill |
| 0:40 | Peon |
| 0:50 | Peon |
| 1:06 | War Mill |
| 1:15 | Peon |
| 1:34 | Barracks |
| 1:51 | Peon |
| 1:51 | Peon |
| 2:11 | Feral Spirit |
| 2:26 | Peon |
| 2:38 | Troll Headhunter |
| 2:47 | Peon |
| 2:52 | Voodoo Lounge |
| 2:56 | Troll Headhunter |
| 3:28 | Watch Tower |
| 3:36 | Watch Tower |
| Right click | 72 |
| Select | 66 |
| Misc. action | 25 |
| Build/train/purchase | 23 |
| Select group | 22 |
| Assign group | 1 |

| Acolyte | 2 | 150 | / | 0 |
| Ghoul | 8 | 960 | / | 0 |
| total: | 10 | 1110g | / | 0w |
| Nerubian Tower | 1 | 100 | / | 20 |
| Altar of Darkness | 1 | 180 | / | 50 |
| Ziggurat | 1 | 150 | / | 50 |
| Crypt | 1 | 200 | / | 50 |
| Graveyard | 1 | 215 | / | 0 |
| total: | 4 | 745g | / | 150w |
| 0:03 | Acolyte |
| 0:03 | Acolyte |
| 0:07 | Altar of Darkness |
| 0:09 | Ziggurat |
| 0:32 | Crypt |
| 1:11 | Nerubian Tower |
| 1:40 | Ghoul |
| 1:51 | Ghoul |
| 2:01 | Ghoul |
| 2:13 | Death Coil |
| 2:37 | Ghoul |
| 2:37 | Ghoul |
| 2:50 | Ghoul |
| 2:50 | Ghoul |
| 3:06 | Ghoul |
| 3:39 | Graveyard |
| Right click | 101 |
| Select group | 68 |
| Select | 39 |
| Assign group | 14 |
| Build/train/purchase | 13 |
| Chat | 9 |
| Misc. action | 4 |
| Use ability | 4 |
⇛